 Dungeon Crawl Stone Soup version 0.27.1-37-g7b29ead8ac (webtiles) character file.

Game seed: 17836989373591130528

805 AarnesTheHuman the Chucker (level 7, -6/67 HPs)
             Began as a Troll Hunter on Dec 8, 2023.
             Was a Follower of Okawaru.
             Mangled by a hornet (7 damage)
             ... on level 5 of the Dungeon.
             The game lasted 00:08:08 (4093 turns).

AarnesTheHuman the Chucker (Troll Hunter)           Turns: 4093, Time: 00:08:09

Health: -6/67      AC:  4    Str: 23    XL:     7   Next: 60%
Magic:  7/7        EV:  7    Int:  7    God:    Okawaru [*.....]
Gold:   207        SH: 10    Dex: 10    Spells: 6/6 levels left

rFire    . . .     SeeInvis .     - Unarmed
rCold    . . .     Faith    .   e - +1 kite shield
rNeg     + . .     Spirit   .   o - +0 robe
rPois    .         Reflect  .   (helmet restricted)
rElec    .         Harm     .   (no cloak)
rCorr    .         Rampage  .   (gloves unavailable)
Will     .....                  (boots unavailable)
Stlth    +.........             (no amulet)
HPRegen  1.21/turn              m - ring of positive energy
MPRegen  0.10/turn              (no ring)

@: slowed, very slow
A: large, unfitting armour, claws 3, regeneration 1, shaggy fur 1, tough skin 1
a: Renounce Religion, Heroism


You were on level 5 of the Dungeon.
You worshipped Okawaru.
Okawaru was aware of your devotion.
You visited 2 branches of the dungeon, and saw 6 of its levels.

You collected 207 gold pieces.

Inventory:

Hand Weapons
 b - a +0 short sword
 v - a +3 dagger of venom
Missiles
 c - 5 large rocks
 d - a throwing net
 i - 19 poisoned darts
 k - 216 stones
 t - 77 sling bullets
 w - 6 boomerangs (quivered)
Armour
 e - a +1 kite shield (worn)
 o - a +0 robe (worn)
Jewellery
 m - a ring of positive energy (left claw)
Wands
 q - a wand of paralysis (9)
Scrolls
 h - a scroll of identify
Potions
 a - 2 potions of might {unknown}
 f - a potion of haste {unknown}
 g - a potion of curing
 j - 2 potions of magic {unknown}
 l - a potion of flight {unknown}
 n - 4 potions of brilliance
 p - 2 potions of invisibility
 r - 4 potions of heal wounds
 s - a potion of cancellation {unknown}
 u - 3 potions of berserk rage {unknown}


   Skills:
 + Level 3.5 Fighting
 + Level 5.1 Throwing
 - Level 2.0 Armour
 - Level 1.5 Dodging
 - Level 0.3 Stealth
 + Level 3.0 Shields
 - Level 3.0 Unarmed Combat
 + Level 2.2 Invocations


You had 6 spell levels left.
You didn't know any spells.
Your spell library contained the following spells:

 Spells                   Type           Power      Damage    Failure   Level
 Passwall                 Tmut/Erth      0%         N/A       94%         2
 Ozocubu's Armour         Ice            0%         N/A       99%         3
 Swiftness                Air            0%         N/A       99%         3
 Metabolic Englaciation   Hex/Ice        0%         N/A       100%        5
 Invisibility             Hex            0%         N/A       100%        6
 Simulacrum               Ice/Necr       0%         N/A       100%        6


Dungeon Overview and Level Annotations

Branches:
Dungeon (5/15)             Temple (1/1) D:4

Altars:
Ashenzari
Fedhas
Gozag
Hepliaklqana
Kikubaaqudgha
Makhleb
Nemelex Xobeh
Okawaru
Qazlal
Ru
Sif Muna
Trog
Vehumet
Wu Jian
Xom
Yredelemnul
Zin
The Shining One

Shops:
D:3 ?


Innate Abilities, Weirdness & Mutations

You are too large for most types of armour.
You have claws for hands.
Your natural rate of healing is unusually fast.
You are covered in fur. (AC +1)
You have tough skin. (AC +1)


Message History

You block the hornet's attack.
You miss the hornet.
You are no longer corroded.
The hornet stings you.
You are poisoned.
You feel as though you will be slow longer.
The hornet barely misses you. You block the hornet's attack.
You miss the hornet.
You feel very sick. The hornet stings you!
You are more poisoned.
You feel as though you will be slow longer.
You block the hornet's attack.
You scratch the hornet.
The hornet is lightly wounded.
You feel very sick. The hornet stings you!
* * * LOW HITPOINT WARNING * * *
You feel as though you will be slow longer.
You block the hornet's attack. The hornet barely misses you.
You scratch the hornet but do no damage.
The hornet is lightly wounded.
You feel very sick. The hornet barely misses you.
You block the hornet's attack.
You claw the hornet!
The hornet is heavily wounded.
You feel very sick. The hornet stings you.
* * * LOW HITPOINT WARNING * * *
You are more poisoned.
You feel as though you will be slow longer.
The hornet stings you.
* * * LOW HITPOINT WARNING * * *
You feel as though you will be slow longer.
The hornet stings you but does no damage.
You feel better. The hornet stings you!
* * * LOW HITPOINT WARNING * * *
You feel as though you will be slow longer.
The hornet stings you!
You die...

..#........#
.##.......##
..#......###
....###....##
............# ###
............####.##
........>.........##
...................##
.............###@y..#
.............##.#....#
................ ....#
..............< .....#
........##.. .......
#.........#. ....... .
###. ....#.. ..
.......


You could see a hornet.

Vanquished Creatures
  Grinder (D:5)
  A black bear (D:3)
  A necrophage (D:4)
  A scorpion (D:4)
  2 water moccasin zombies
  2 jellies (D:5)
  Jessica (D:3)
  An iguana (D:5)
  A hound skeleton (D:4)
  4 adders
  An ufetubus (D:4)
  4 worms
  3 dart slugs
  11 orcs
  An endoplasm (D:2)
  3 giant cockroaches
  4 goblins
  9 hobgoblins
  8 jackals
  2 quokkas
  9 ball pythons
  5 bats
  3 frilled lizards
  2 kobolds
  6 rats
  2 toadstools (D:1)
88 creatures vanquished.

Vanquished Creatures (others)
  2 toadstools (D:1)
2 creatures vanquished.

Grand Total: 90 creatures vanquished

Notes
Turn   | Place    | Note
-------+----------+-------------------------------------------
     0 | D:1      | AarnesTheHuman the Troll Hunter began the quest for the
                  | Orb.
     0 | D:1      | Reached XP level 1. HP: 19/19 MP: 0/0
   191 | D:1      | Reached XP level 2. HP: 28/28 MP: 1/1
   673 | D:1      | Reached skill level 1 in Unarmed Combat
   896 | D:2      | Reached XP level 3. HP: 33/35 MP: 2/2
  1033 | D:2      | Reached skill level 1 in Armour
  1128 | D:2      | Found a broken altar of Ashenzari.
  1220 | D:2      | Reached skill level 1 in Shields
  1523 | D:3      | Reached XP level 4. HP: 21/42 MP: 3/3
  1529 | D:3      | Reached skill level 4 in Throwing
  1592 | D:3      | Found Dusienk's Magic Scroll Boutique.
  1809 | D:3      | Noticed a black bear
  1969 | D:3      | Reached XP level 5. HP: 36/50 MP: 4/4
  2006 | D:3      | Found a faded altar of an unknown god.
  2187 | D:3      | Found an ornate altar of the Wu Jian Council.
  2191 | D:3      | Found a sparkling altar of Nemelex Xobeh.
  2229 | D:3      | Noticed Jessica
  2262 | D:3      | Killed Jessica
  2614 | D:3      | Killed a black bear
  2615 | D:3      | Reached XP level 6. HP: 48/59 MP: 5/5
  2809 | D:4      | Found a staircase to the Ecumenical Temple.
  2817 | Temple   | Entered the Ecumenical Temple
  2989 | Temple   | Became a worshipper of Warmaster Okawaru
  3743 | D:5      | Entered Level 5 of the Dungeon
  3876 | D:5      | Noticed Grinder
  3891 | D:5      | Killed Grinder
  3892 | D:5      | Reached skill level 1 in Invocations
  3892 | D:5      | Reached XP level 7. HP: 43/67 MP: 5/7
  3926 | D:4      | HP: 2/67 [scorpion (4)]
  3987 | D:4      | Reached skill level 5 in Throwing
  4061 | D:5      | Reached * piety under Okawaru
  4083 | D:5      | Noticed a hornet
  4092 | D:5      | HP: 2/67 [hornet (6)]
  4093 | D:5      | Mangled by a hornet

Illustrated notes

Levels and vault maps discovered:
D:1:      ldierk_water_garden, layout_loops_ring
D:2:      minmay_evil_eye, layout_rooms, basic_altar, eino_tiny_chamber,
          kennysheep_path_1, dk_vineyard_2
D:3:      layout_basic, minitemple, shapermc_ecumenical_altar_totnotflames,
          serial_shops, shop, uniq_jessica
D:4:      layout_basic, minmay_temple_entry_glassed_door,
          hangedman_decor_points, kennysheep_generic_room_4
D:5:      layout_cave_pools, serial_bayou_lagoon_a, uniq_grinder
Temple:   regret_index_temple_sphere_string

Skill      XL: |  1  2  3  4  5  6  7 |
---------------+----------------------+-----
Unarmed Combat | 1 2 3 |  3.0
Fighting       | 2 3 |  3.5
Armour         | 1 2 |  2.0
Shields        | 1 2 3 |  3.0
Throwing       | 4 5 |  5.1
Invocations    | 1 2 |  2.2
Dodging        | |  1.5
Stealth        | |  0.3

Action                   |  1- 3 |  4- 6 |  7- 9 || total
-------------------------+-------+-------+-------++-------
Melee: Unarmed           |   112 |   144 |    52 ||   308
Throw: Throwing net      |       |     3 |       ||     3
       Dart              |       |     2 |       ||     2
Evoke: Wand              |       |     2 |       ||     2
  Use: Scroll            |       |    12 |       ||    12
       Potion            |       |       |     2 ||     2
 Stab: Sleeping          |       |     1 |       ||     1
       Paralysed         |       |     7 |       ||     7
Armor: Robe              |    44 |    36 |    10 ||    90
Dodge: Dodged            |    45 |    52 |    15 ||   112
Block: Kite shield       |    45 |    75 |    29 ||   149
